 Dungeon Crawl Stone Soup version 0.25.0-9-g26727b657a (webtiles) character file.

Game seed: 11986046381330546672

2706 HoaS the Cruncher (level 9, -12/60 HPs)
             Began as a Gargoyle Gladiator on June 19, 2020.
             Was an Initiate of Makhleb.
             Killed from afar by Maggie (17 damage)
             ... with a bolt of fire
             ... on level 6 of the Dungeon.
             The game lasted 00:16:17 (5264 turns).

HoaS the Cruncher (Gargoyle Gladiator)              Turns: 5264, Time: 00:16:18

Health: -12/60     AC: 13    Str: 20    XL:     9   Next: 65%
Magic:  9/9        EV:  8    Int: 10    God:    Makhleb [......]
Gold:   352        SH:  0    Dex: 11    Spells: 7/8 levels left

rFire    . . .     SeeInvis .   a - +1 quarterstaff
rCold    . . .     Gourm    .   (shield currently unavailable)
rNeg     + . .     Faith    .   q - +0 chain mail
rPois    ∞         Spirit   .   c - +0 helmet
rElec    +         Reflect  .   (no cloak)
rCorr    .         Harm     .   n - +1 pair of gloves
MR       .....                  (no boots)
Stlth    ..........             (no amulet)
HPRegen  0.20/turn              (no ring)
MPRegen  0.11/turn              (no ring)

@: corroded, mesmerised
A: negative energy resistance 1, electricity resistance, unbreathing,
petrification resistance, rot immunity, AC +6
a: Renounce Religion


You were on level 6 of the Dungeon.
You worshipped Makhleb.
Makhleb was noncommittal.
You were not hungry.

You visited 2 branches of the dungeon, and saw 7 of its levels.
You also visited: Ossuary.

You collected 352 gold pieces.

Inventory:

Hand Weapons
 a - a +1 quarterstaff (weapon)
Missiles
 b - 13 poisoned darts (quivered)
 h - 13 javelins
 m - 12 boomerangs
 o - 7 curare-tipped darts
Armour
 c - a +0 helmet (worn)
 n - a +1 pair of gloves (worn)
 q - a +0 chain mail (worn)
 A - a +0 kite shield
Wands
 w - a wand of random effects (22)
 y - a wand of digging (3)
Scrolls
 i - a scroll of identify
 j - 3 scrolls of blinking
 l - 3 scrolls of teleportation
 v - a scroll of magic mapping
Potions
 e - 3 potions of lignification
 g - 2 potions of heal wounds
 k - 3 potions of cancellation
 p - 3 potions of mutation
 r - 4 potions of might {unknown}
 s - 6 potions of curing {unknown}
 t - a potion of degeneration {unknown}
 x - a potion of brilliance {unknown}
 B - a potion of flight {unknown}
Comestibles
 f - 9 rations
 z - 7 chunks of flesh


   Skills:
 + Level 8.5 Fighting
 * Level 10.9 Staves
 - Level 1.7 Throwing
 - Level 2.4 Dodging


You had 7 spell levels left.
You knew the following spells:

 Your Spells              Type           Power        Failure   Level  Hunger
a - Sandblast             Erth           #.....       99%         1    ##.....

Your spell library contained the following spells:

 Spells                   Type           Power        Failure   Level  Hunger
 Animate Skeleton         Necr           N/A          99%         1    ##.....
 Beastly Appendage        Tmut           #.....       99%         1    ##.....
 Pain                     Necr           #...         99%         1    ##.....
 Passwall                 Tmut/Erth      #.......     100%        2    ###....
 Sticks to Snakes         Tmut           #.......     100%        2    ###....
 Spider Form              Tmut/Pois      #.........   100%        3    ####...
 Stone Arrow              Conj/Erth      #.....       100%        3    ####...
 Vampiric Draining        Necr           #.........   100%        3    ####...
 Animate Dead             Necr           N/A          100%        4    #####..
 Ice Form                 Ice/Tmut       #.......     100%        4    #####..
 Petrify                  Tmut/Erth      #.......     100%        4    #####..
 Agony                    Necr           #.......     100%        5    ######.
 Blade Hands              Tmut           #.........   100%        5    ######.
 Lee's Rapid Deconstruct  Erth           #.........   100%        5    ######.


Dungeon Overview and Level Annotations

Branches:
Dungeon (6/15)             Temple (1/1) D:6         Ossuary (visited)

Altars:
Cheibriados
Dithmenos
Elyvilon
Gozag
Hepliaklqana
Makhleb
Nemelex Xobeh
Okawaru
Qazlal
Ru
Sif Muna
Trog
Uskayaw
Vehumet
Wu Jian
Xom
Yredelemnul
Zin
The Shining One

Shops:
D:4 :

Annotations:
D:6 Maggie


Innate Abilities, Weirdness & Mutations

You are resistant to torment.
Your stone body is resilient. (AC +6)
You are immune to poison.
You resist negative energy. (rN+)
You are resistant to electric shocks. (rElec)
You can survive without breathing.
You are immune to petrification.
You are immune to rotting.


Message History

You barely miss Maggie.
Maggie is moderately wounded.
Maggie casts a spell at you. The bolt of fire hits you!!
You closely miss Maggie.
Maggie is moderately wounded.
Maggie casts a spell at you. The bolt of fire hits you!!
* * * LOW HITPOINT WARNING * * *
You closely miss Maggie.
Maggie is moderately wounded.
Maggie hits you with a +0 broad axe.
* * * LOW HITPOINT WARNING * * *
You hit Maggie.
Maggie is moderately wounded.
You hit Maggie.
Maggie is heavily wounded.
Maggie casts a spell at you. The bolt of fire hits you!
You die...

##########################
..........................
..........................
..........................
.........†................
..(.....@@................
..........................
..........................
..........................
#+##......................
#......................
#......................
#......................
...................


You could see Maggie (mesmerising).

Vanquished Creatures
  Pikel (Temple)
  Prince Ribbit (D:5)
  Eustachio (D:6)
  An orc warrior (D:6)
  A sky beast (Temple)
  4 slaves
  4 ogres
  A crocodile (D:6)
  2 bullfrogs (D:6)
  A water moccasin zombie (Ossuary)
  2 scorpions
  A howler monkey (D:4)
  A centaur zombie (D:6)
  A crimson imp (D:5)
  5 hounds
  A jelly (D:6)
  2 orc priests
  3 bullfrog skeletons
  2 orc wizards
  3 iguanas
  Natasha (twice) (D:2)
  7 worker ants
  A big kobold zombie (Ossuary)
  2 hound zombies
  2 mummies (Ossuary)
  4 adders
  An ooze (D:3)
  9 adder zombies (Ossuary)
  An adder skeleton (D:5)
  2 worms
  A dart slug (D:5)
  5 leopard geckos
  14 orcs
  8 giant cockroaches
  4 hobgoblins (D:1)
  20 jackals
  4 quokkas
  A ball python (D:3)
  9 bats
  2 frilled lizards
  3 goblins
  10 hobgoblin zombies (Ossuary)
  4 kobolds
  2 kobold zombies (Ossuary)
  An orc zombie (Ossuary)
  A quokka skeleton (D:6)
  6 rats
164 creatures vanquished.

Notes
Turn   | Place    | Note
-------+----------+-------------------------------------------
     0 | D:1      | HoaS the Gargoyle Gladiator began the quest for the Orb.
     0 | D:1      | Reached XP level 1. HP: 12/12 MP: 1/1
    61 | D:1      | Reached XP level 2. HP: 17/18 MP: 2/2
   718 | D:1      | Reached XP level 3. HP: 22/22 MP: 3/3
   919 | D:2      | Noticed Natasha
   928 | D:2      | Killed Natasha
   928 | D:2      | Reached skill level 4 in Staves
  1060 | D:2      | Reached XP level 4. HP: 28/28 MP: 4/4
  1223 | D:2      | Noticed Natasha
  1238 | D:2      | Killed Natasha
  1638 | D:3      | Reached XP level 5. HP: 32/33 MP: 5/5
  1649 | D:3      | Reached skill level 5 in Staves
  2402 | D:4      | Reached XP level 6. HP: 16/38 MP: 6/6
  2543 | D:4      | Reached skill level 6 in Staves
  2561 | D:4      | Learned a level 1 spell: Sandblast
  2640 | D:4      | Found Erchubb's Book Emporium.
  2887 | D:5      | Entered Level 5 of the Dungeon
  2894 | D:5      | Reached XP level 7. HP: 44/44 MP: 7/7
  2912 | D:5      | Found a sand-covered staircase.
  2938 | Ossuary  | Entered an ossuary
  2961 | Ossuary  | Reached skill level 5 in Fighting
  3297 | D:5      | Reached skill level 7 in Staves
  3580 | D:5      | Reached XP level 8. HP: 23/51 MP: 8/8
  3950 | D:6      | Noticed Eustachio
  3968 | D:6      | Killed Eustachio
  3968 | D:6      | Reached skill level 8 in Staves
  4195 | D:6      | Noticed Prince Ribbit
  4232 | D:5      | Killed Prince Ribbit
  4232 | D:5      | Reached skill level 9 in Staves
  4382 | D:6      | Reached XP level 9. HP: 50/57 MP: 9/9
  4444 | D:6      | Found a staircase to the Ecumenical Temple.
  4452 | D:6      | Noticed Pikel
  4454 | Temple   | Entered the Ecumenical Temple
  4553 | Temple   | Became a worshipper of Makhleb the Destroyer
  4792 | Temple   | Killed Pikel
  4792 | Temple   | Reached skill level 10 in Staves
  5245 | D:6      | Noticed Maggie
  5264 | D:6      | Killed from afar by Maggie

Illustrated notes

Levels and vault maps discovered:
D:1:      scummos_arrival_simple_fountains, layout_loops_ring, minmay_hedge_maze
D:2:      layout_basic, kennysheep_generic_room_13, uniq_natasha
D:3:      layout_rooms
D:4:      layout_loops_ring, first_ration, serial_shops, shop
D:5:      layout_rooms, enter_ossuary_1, zaba_anthole
D:6:      layout_gridville, minmay_temple_entry_junction_2,
          minmay_misc_feat_pillars, uniq_pikel, uniq_maggie, uniq_eustachio,
          uniq_prince_ribbit1
Temple:   regret_index_temple_sigil_plot

Skill      XL: |  1  2  3  4  5  6  7  8  9 |
---------------+----------------------------+-----
Fighting       | 3 4 5 7 8 |  8.5
Staves         | 4 5 6 7 9 10 | 10.9
Throwing       | |  1.7
Dodging        | |  2.4

Action                   |  1- 3 |  4- 6 |  7- 9 || total
-------------------------+-------+-------+-------++-------
Melee: Quarterstaff      |    89 |   185 |   385 ||   659
Throw: Throwing net      |       |       |     3 ||     3
  Use: Scroll            |     7 |     6 |     5 ||    18
       Potion            |       |       |     1 ||     1
 Stab: Sleeping          |     1 |       |       ||     1
  Eat: Chunk             |     1 |     6 |     8 ||    15
Armor: Leather armour    |    34 |       |       ||    34
       Scale mail        |     5 |    44 |       ||    49
       Chain mail        |       |    87 |   250 ||   337
Dodge: Dodged            |    61 |    99 |   133 ||   293
